Map: Бюро находок РВ

Players

ИИ 1 (знаток)

  • Race: Terran Terran
  • Spawn Location: 7:00

Doll - Winner!

  • Race: Protoss Protoss
  • Spawn Location: 1:00

VOD

Have the link to the VOD?

Description

Time

  • Played on: Dec. 14, 2020, 8:54 a.m.
  • Length: 9:40
Show
View Real Time Build Order
Export as new Build Order

ИИ 1 (знаток) Terran 

Build Orders:  

Get SALT Encoding   

  12  0:00  SCV  
  13  0:13  SCV  
  14  0:18  Supply Depot  
  14  0:25  SCV  
  15  0:40  SCV  
  16  0:42  Barracks  
  16  0:52  SCV  
  17  1:04  SCV  
  18  1:14  Command Center  
  18  1:32  Orbital Command, Marine  
  19  1:37  Supply Depot  
  19  1:44  Refinery  
  19  1:49  Marine  
  20  1:57  SCV  
  20  1:58  Barracks  
  21  2:06  Refinery  
  21  2:08  Marine  
  22  2:09  SCV  
  23  2:22  SCV  
  24  2:27  Barracks Tech Lab, Supply Depot  
  24  2:44  Marine  
  24  2:45  SCV  
  24  2:49  Marine  
  27  2:52  Factory  
  27  2:55  Refinery  
  27  3:07  Marauder  
  27  3:12  SCV  
  30  3:18  Refinery  
  30  3:19  SCV  
  31  3:24  SCV  
  32  3:31  SCV  
  33  3:34  Barracks Tech Lab  
  33  3:36  SCV, Hellion  
  36  3:43  SCV  
  36  3:48  SCV  
  38  3:51  Factory  
  38  3:55  SCV  
  39  3:57  Factory Tech Lab  
  39  4:05  Starport  
  39  4:15  Starport  
  39  4:16  Siege Tank  
  42  4:29  Marauder  
  44  4:32  SCV  
  44  4:35  Factory Tech Lab  
  45  4:40  SCV, Supply Depot  
  45  4:43  Starport Tech Lab  
  45  4:44  SCV  
  47  4:48  Siege Tank  
  47  4:51  Stimpack, Starport Tech Lab  
  51  4:52  SCV  
  51  4:56  SCV  
  52  5:00  Combat Shield  
  52  5:04  SCV  
  53  5:08  SCV  
  53  5:11  Engineering Bay  
  54  5:20  SCV  
  55  5:23  SCV  
  55  5:28  Supply Depot  
  56  5:30  Marine  
  56  5:33  SCV  
  56  5:35  SCV  
  59  5:37  Terran Infantry Weapons Level 1  
  59  5:42  Marine  
  60  5:45  SCV  
  60  5:49  SCV  
  62  5:52  Supply Depot  
  62  5:54  Marine  
  63  5:57  SCV  
  64  6:07  Marauder  
  66  6:13  SCV  
  66  6:16  SCV  
  66  6:17  Supply Depot  
  68  6:19  Marauder, Concussive Shells  
  70  6:31  Marauder  
  72  6:38  SCV  
  72  6:39  SCV  
  74  6:41  Supply Depot  
  74  6:43  Viking  
  76  6:49  Missile Turret  
  76  6:54  Missile Turret  
  76  6:55  Missile Turret, Hellion  
  76  6:59  Missile Turret  
  78  7:02  SCV, Raven  
  78  7:03  SCV  
  78  7:05  Sensor Tower  
  78  7:06  Supply Depot  
  78  7:08  Hellion  
  84  7:14  Bunker  
  84  7:15  SCV  
  85  7:18  Armory  
  85  7:19  Siege Tank  
  85  7:20  Bunker  
  88  7:27  Raven  
  88  7:28  Barracks  
  90  7:31  Terran Infantry Armor Level 1, Supply Depot  
  90  7:32  Siege Tank  
  93  7:52  Siege Tank  
  96  8:16  Barracks Reactor  
  96  8:37  Marine  
  54  8:49  Marine  
  54  8:51  SCV x2  
  37  9:02  Hellion  
  38  9:03  SCV  
  37  9:14  Marine  
  37  9:15  SCV  
  26  9:28  SCV  
Show
View Real Time Build Order
Export as new Build Order

Doll Protoss - Winner!

Build Orders: 1 Gate Expand, Dark Templar Rush 

Get SALT Encoding   

  12  0:00  Probe  
  13  0:13  Probe  
  14  0:20  Pylon  
  14  0:25  Probe  
  15  0:38  Probe (Chrono Boost)  
  15  0:42  Gateway  
  16  0:49  Probe (Chrono Boost)  
  17  0:54  Probe (Chrono Boost)  
  18  0:59  Assimilator  
  18  1:05  Probe  
  19  1:18  Probe  
  20  1:23  Nexus  
  20  1:31  Zealot  
  22  1:33  Probe (Chrono Boost)  
  23  1:46  Pylon  
  23  1:54  Cybernetics Core  
  23  2:04  Probe, Gateway  
  24  2:10  Zealot  
  26  2:17  Probe  
  26  2:22  Assimilator  
  27  2:32  Twilight Council, Warp Gate  
  27  2:33  Probe  
  27  2:36  Probe  
  29  2:46  Probe  
  29  2:47  Stalker  
  32  2:56  Stalker  
  34  2:58  Probe  
  34  3:02  Probe  
  36  3:11  Probe  
  37  3:14  Probe  
  37  3:18  Adept  
  40  3:24  Probe  
  40  3:26  Pylon, Stalker  
  43  3:29  Probe  
  44  3:36  Probe  
  45  3:41  Pylon  
  45  3:42  Probe  
  46  3:48  Adept  
  46  3:52  Probe  
  46  3:53  Dark Shrine  
  46  3:55  Probe  
  50  3:57  Adept  
  52  4:05  Probe  
  52  4:08  Probe  
  54  4:12  Robotics Facility  
  54  4:17  Probe  
  54  4:22  Probe  
  56  4:27  Assimilator  
  56  4:30  Assimilator  
  56  4:33  Zealot  
  56  4:35  Probe  
  56  4:36  Probe  
  60  4:39  Pylon  
  60  4:41  Stalker  
  62  4:51  Stargate  
  62  4:54  Gateway  
  62  4:58  Probe x2  
  62  4:59  Pylon  
  65  5:00  Observer  
  65  5:11  Gateway  
  65  5:12  Forge  
  65  5:13  Forge, Probe x2  
  67  5:15  Dark Templar  
  67  5:20  Pylon  
  69  5:23  Dark Templar  
  69  5:26  Probe x2  
  73  5:29  Void Ray  
  77  5:48  Zealot  
  77  5:49  Probe  
  80  5:50  Probe  
  80  5:52  Nexus  
  80  5:56  Dark Templar  
  83  6:02  Pylon  
  83  6:04  Probe  
  83  6:05  Probe  
  83  6:06  Protoss Ground Weapons Level 1  
  83  6:08  Protoss Ground Armor Level 1  
  85  6:15  Void Ray  
  85  6:16  Probe  
  85  6:17  Pylon  
  86  6:23  Zealot  
  86  6:25  Sentry  
  94  6:33  Pylon  
  94  6:35  Probe  
  94  6:37  Dark Templar  
  94  6:39  Probe  
  98  6:40  Gateway  
  98  6:41  Zealot  
  98  6:45  Charge  
  100  6:49  Probe  
  100  6:51  Probe  
  102  6:55  Stalker  
  102  6:57  Pylon, Zealot  
  102  7:00  Void Ray  
  106  7:02  Zealot  
  106  7:07  Probe  
  113  7:15  Dark Templar  
  115  7:16  Probe x2  
  115  7:19  Probe  
  115  7:21  Zealot  
  120  7:24  Zealot  
  120  7:26  Dark Templar  
  120  7:29  Probe  
  125  7:35  Probe  
  125  7:36  Probe  
  127  7:42  Stalker  
  129  7:44  Robotics Facility  
  129  7:45  Zealot x2  
  133  7:52  Pylon  
  133  7:59  Pylon  
  133  8:00  Forge  
Tags
 
Add a new tag
Caveats
  • Supply blocks, unpowered buildings, or Contaminate may cause inaccurate times.
  • Supply counts are checked every 10 seconds.